[ AOE2 MATCH · #493748652 ]
UnrankedItalians vs Magyars
Player's team · WIN
Rival team · LOSS
[ REPLAY ANALYSIS · EXTRACTED FROM THE RECORDED GAME ]
Feudal
10:56
Castle
14:47
Imperial
27:57
| APM avg | 23.9 |
| APM peak | 59 |
| eAPM avg | 11.5 |
| Villagers / military | 46 / 35 |
Focus
⚔️ 30.4% · 🌾 69.6%
Genoese Crossbowman ×29 · Trebuchet (Packed) ×4 · Unknown (882) ×2 · Monk ×1 · Mangonel ×1
Feudal
12:12
Castle
16:32
Imperial
32:00
| APM avg | 22.4 |
| APM peak | 46 |
| eAPM avg | 15.7 |
| Villagers / military | 104 / 38 |
Focus
⚔️ 33.8% · 🌾 66.2%
Cavalry Archer ×29 · Knight ×8 · Scout Cavalry ×1
Match map
Initial resources + every placement click. Lines = walls · curves = elevation contours. ◆ gold · ⬟ stone · ● berries · ✦ relic · ◌ wall gap
Your base· ✓ Closed at 14:47 · 0t walls · 3 gate(s)
emblazon3d's base· ✓ Closed at 16:32 · 0t walls · 2 gate(s)
Smoothed initial terrain · ◌ = detected wall gap · hover for details
Inputs per minute
— Karlak - - emblazon3d
Build order — Karlak
145 actions detected in the replay
| 0:02 | Build | House |
| 0:04 | Build | House |
| 0:23 | Create | Villager (Male) |
| 0:24 | Create | Villager (Male) |
| 0:24 | Create | Villager (Male) |
| 0:46 | Create | Villager (Male) |
| 0:46 | Create | Villager (Male) |
| 1:44 | Create | Villager (Male) |
| 1:45 | Create | Villager (Male) |
| 2:01 | Build | Lumber Camp |
| 2:26 | Create | Villager (Male) |
| 3:07 | Create | Villager (Male) |
| 3:07 | Create | Villager (Male) |
| 3:15 | Create | Villager (Male) |
| 4:08 | Create | Villager (Male) |
| 4:09 | Create | Villager (Male) |
| 4:09 | Create | Villager (Male) |
| 4:14 | Build | House |
| 4:26 | Build | Mill |
| 5:08 | Create | Villager (Male) |
| 5:10 | Create | Villager (Male) |
| 5:10 | Create | Villager (Male) |
| 5:57 | Create | Villager (Male) |
| 6:44 | Create | Villager (Male) |
| 6:49 | Build | House |
| 7:26 | Create | Villager (Male) |
| 7:26 | Create | Villager (Male) |
| 8:03 | Build | Mining Camp |
| 8:21 | Create | Villager (Male) |
| 8:45 | Research | Feudal Age |
| 9:06 | Build | Mining Camp |
| 9:49 | Create | Villager (Male) |
| 9:50 | Create | Villager (Male) |
| 10:56 | Age | Feudal Age |
| 11:07 | Build | Market |
| 11:15 | Build | Blacksmith |
| 12:07 | Research | Castle Age |
| 12:54 | Build | Farm |
| 12:56 | Research | Double-Bit Axe |
| 12:57 | Research | Horse Collar |
| 13:30 | Research | Loom |
| 13:30 | Create | Villager (Male) |
| 13:31 | Create | Villager (Male) |
| 13:41 | Build | House |
| 14:07 | Build | Lumber Camp |
| 14:47 | Age | Castle Age |
| 15:31 | Create | Villager (Male) |
| 15:48 | Build | Castle |
| 16:11 | Build | Palisade Wall |
| 16:18 | Build | Blacksmith |
| 16:26 | Build | Palisade Gate |
| 16:54 | Build | Farm |
| 16:54 | Build | Farm |
| 16:57 | Research | Bow Saw |
| 17:30 | Build | House |
| 17:39 | Build | Mining Camp |
| 17:40 | Create | Genoese Crossbowman |
| 17:40 | Create | Genoese Crossbowman |
| 17:40 | Create | Genoese Crossbowman |
| 17:48 | Build | Monastery |
| 17:54 | Create | Genoese Crossbowman |
| 18:13 | Build | Farm |
| 18:22 | Build | House |
| 18:25 | Build | House |
| 18:28 | Build | House |
| 18:44 | Create | Monk |
| 19:15 | Create | Villager (Male) |
| 19:15 | Create | Villager (Male) |
| 19:15 | Create | Villager (Male) |
| 19:16 | Create | Villager (Male) |
| 19:30 | Create | Genoese Crossbowman |
| 19:37 | Build | Siege Workshop |
| 20:18 | Create | Mangonel |
| 20:23 | Research | Fletching |
| 20:24 | Create | Villager (Male) |
| 20:25 | Create | Villager (Male) |
| 20:30 | Build | Lumber Camp |
| 20:35 | Build | Farm |
| 20:36 | Build | Farm |
| 20:36 | Build | Farm |
| 20:40 | Create | Villager (Male) |
| 21:46 | Create | Villager (Male) |
| 21:47 | Create | Villager (Male) |
| 22:09 | Create | Villager (Male) |
| 22:10 | Create | Villager (Male) |
| 22:10 | Create | Villager (Male) |
| 22:19 | Build | Farm |
| 22:20 | Build | Farm |
| 22:20 | Build | Farm |
| 22:21 | Build | Farm |
| 22:32 | Build | Lumber Camp |
| 22:57 | Research | Padded Archer Armor |
| 23:10 | Create | Genoese Crossbowman |
| 23:39 | Create | Genoese Crossbowman |
| 23:39 | Create | Genoese Crossbowman |
| 23:51 | Build | Farm |
| 24:47 | Research | Imperial Age |
| 24:58 | Research | Gold Mining |
| 25:02 | Create | Genoese Crossbowman |
| 25:03 | Create | Genoese Crossbowman |
| 25:04 | Create | Genoese Crossbowman |
| 25:26 | Build | Barracks |
| 25:29 | Build | Barracks |
| 25:36 | Create | Genoese Crossbowman |
| 25:37 | Create | Genoese Crossbowman |
| 25:37 | Create | Genoese Crossbowman |
| 26:02 | Build | University |
| 26:50 | Create | Genoese Crossbowman |
| 26:50 | Create | Genoese Crossbowman |
| 26:51 | Create | Genoese Crossbowman |
| 26:51 | Create | Genoese Crossbowman |
| 26:51 | Create | Genoese Crossbowman |
| 27:04 | Create | Villager (Male) |
| 27:04 | Create | Villager (Male) |
| 27:16 | Research | Ballistics |
| 27:19 | Create | Villager (Male) |
| 27:37 | Research | Bodkin Arrow |
| 27:38 | Research | Leather Archer Armor |
| 27:40 | Research | Scale Mail Armor |
| 27:57 | Age | Imperial Age |
| 27:58 | Research | Conscription |
| 28:16 | Research | Chemistry |
| 28:20 | Create | Trebuchet (Packed) |
| 28:21 | Create | Trebuchet (Packed) |
| 28:45 | Create | Villager (Male) |
| 28:58 | Create | Trebuchet (Packed) |
| 29:20 | Research | Bracer |
| 30:40 | Create | Trebuchet (Packed) |
| 30:43 | Create | Genoese Crossbowman |
| 30:43 | Create | Genoese Crossbowman |
| 30:44 | Create | Genoese Crossbowman |
| 30:44 | Create | Genoese Crossbowman |
| 30:44 | Create | Genoese Crossbowman |
| 30:44 | Create | Genoese Crossbowman |
| 30:44 | Create | Genoese Crossbowman |
| 30:45 | Create | Genoese Crossbowman |
| 30:45 | Create | Genoese Crossbowman |
| 30:54 | Research | Ring Archer Armor |
| 31:02 | Create | Villager (Male) |
| 31:02 | Create | Villager (Male) |
| 31:02 | Create | Villager (Male) |
| 31:38 | Research | Squires |
| 31:38 | Create | Unit 882 |
| 31:39 | Create | Unit 882 |
| 31:47 | Create | Genoese Crossbowman |
Build order — emblazon3d
First 150 of 232 actions detected
| 0:01 | Create | Villager (Male) |
| 0:02 | Build | House |
| 0:04 | Build | House |
| 0:10 | Build | House |
| 0:15 | Create | Villager (Male) |
| 0:21 | Create | Villager (Male) |
| 0:21 | Create | Villager (Male) |
| 1:29 | Create | Villager (Male) |
| 1:57 | Create | Villager (Male) |
| 1:58 | Create | Villager (Male) |
| 2:12 | Build | Lumber Camp |
| 2:13 | Build | House |
| 2:20 | Create | Villager (Male) |
| 2:54 | Create | Villager (Male) |
| 3:06 | Create | Villager (Male) |
| 3:42 | Create | Villager (Male) |
| 3:42 | Create | Villager (Male) |
| 3:57 | Create | Villager (Male) |
| 4:19 | Create | Villager (Male) |
| 4:19 | Create | Villager (Male) |
| 4:20 | Create | Villager (Male) |
| 4:20 | Create | Villager (Male) |
| 4:58 | Create | Villager (Male) |
| 4:59 | Create | Villager (Male) |
| 5:22 | Create | Villager (Male) |
| 5:26 | Build | House |
| 5:28 | Build | House |
| 5:57 | Build | Mill |
| 6:31 | Create | Villager (Male) ×5 |
| 7:46 | Create | Villager (Male) |
| 7:46 | Create | Villager (Male) |
| 8:04 | Build | Mining Camp |
| 9:18 | Create | Villager (Male) |
| 9:18 | Research | Feudal Age |
| 9:57 | Build | Farm |
| 9:59 | Build | Farm |
| 10:03 | Build | Farm |
| 10:06 | Build | Farm |
| 10:10 | Create | Villager (Male) |
| 10:11 | Create | Villager (Male) |
| 11:09 | Build | Barracks |
| 12:12 | Age | Feudal Age |
| 12:15 | Build | Blacksmith |
| 12:34 | Create | Villager (Male) |
| 12:49 | Build | Stable |
| 13:08 | Research | Double-Bit Axe |
| 13:26 | Create | Villager (Male) |
| 13:45 | Research | Castle Age |
| 13:49 | Research | Horse Collar |
| 13:55 | Create | Scout Cavalry |
| 14:05 | Build | Farm |
| 14:07 | Build | Farm |
| 14:36 | Build | Lumber Camp |
| 16:03 | Research | Wheelbarrow |
| 16:32 | Age | Castle Age |
| 16:33 | Research | Bow Saw |
| 16:33 | Research | Bow Saw |
| 16:37 | Build | Town Center |
| 16:44 | Research | Heavy Plow |
| 16:58 | Build | Farm |
| 16:59 | Build | Farm |
| 17:01 | Build | Farm |
| 17:02 | Build | Farm |
| 17:04 | Build | Farm |
| 17:05 | Build | Farm |
| 17:12 | Research | Loom |
| 17:28 | Build | Town Center |
| 17:31 | Create | Villager (Male) |
| 17:43 | Create | Villager (Male) |
| 17:50 | Build | Farm |
| 18:04 | Create | Villager (Male) |
| 18:23 | Build | Farm |
| 18:24 | Build | Farm |
| 18:26 | Create | Villager (Male) |
| 18:27 | Create | Villager (Male) |
| 18:32 | Create | Villager (Male) |
| 18:38 | Build | Farm |
| 18:42 | Build | Farm |
| 18:57 | Create | Villager (Male) |
| 18:58 | Create | Villager (Male) |
| 19:03 | Create | Villager (Male) |
| 19:06 | Build | Archery Range |
| 19:17 | Create | Villager (Male) |
| 19:17 | Create | Villager (Male) |
| 19:21 | Build | Farm |
| 19:38 | Build | Farm |
| 19:41 | Build | Farm |
| 19:42 | Create | Villager (Male) |
| 19:42 | Create | Villager (Male) |
| 19:44 | Build | House |
| 19:49 | Create | Villager (Male) |
| 19:52 | Create | Cavalry Archer |
| 19:53 | Create | Cavalry Archer |
| 19:56 | Create | Villager (Male) |
| 20:00 | Build | House |
| 20:01 | Build | House |
| 20:12 | Research | Fletching |
| 20:21 | Create | Cavalry Archer |
| 20:22 | Create | Villager (Male) ×2 |
| 20:22 | Create | Villager (Male) ×2 |
| 20:29 | Build | Farm |
| 20:34 | Build | Farm |
| 20:36 | Create | Cavalry Archer |
| 20:37 | Create | Villager (Male) |
| 20:38 | Create | Villager (Male) |
| 20:40 | Build | Farm |
| 20:52 | Create | Villager (Male) |
| 20:52 | Create | Villager (Male) |
| 20:52 | Create | Villager (Male) |
| 20:56 | Build | Farm |
| 21:03 | Build | Mill |
| 21:05 | Create | Villager (Male) |
| 21:05 | Create | Villager (Male) |
| 21:06 | Create | Cavalry Archer |
| 21:37 | Research | Padded Archer Armor |
| 21:39 | Create | Villager (Male) |
| 21:40 | Create | Villager (Male) |
| 21:42 | Build | Farm |
| 21:58 | Research | Town Watch |
| 22:13 | Research | Bodkin Arrow |
| 22:14 | Create | Cavalry Archer |
| 22:14 | Create | Cavalry Archer |
| 22:16 | Create | Villager (Male) |
| 22:20 | Build | University |
| 22:25 | Build | House |
| 22:33 | Build | Farm |
| 22:33 | Build | Farm |
| 22:33 | Build | Farm |
| 22:43 | Create | Cavalry Archer |
| 22:48 | Create | Knight |
| 22:52 | Research | Gold Mining |
| 22:56 | Build | House |
| 22:59 | Build | House |
| 23:00 | Build | House |
| 23:06 | Create | Villager (Male) ×2 |
| 23:07 | Create | Villager (Male) ×2 |
| 23:22 | Build | Lumber Camp |
| 23:26 | Create | Knight |
| 23:28 | Create | Villager (Male) ×2 |
| 23:39 | Create | Villager (Male) |
| 23:44 | Create | Cavalry Archer |
| 23:50 | Create | Knight |
| 24:04 | Research | Scale Barding Armor |
| 24:12 | Create | Knight |
| 24:15 | Create | Cavalry Archer |
| 24:19 | Create | Villager (Male) |
| 24:22 | Build | Farm |
| 24:27 | Build | Farm |
| 24:30 | Build | Farm |
| 24:32 | Build | House |
Match timeline
| 10:56 | Karlak · age_up feudal |
| 11:09 | emblazon3d · first_building Barracks |
| 12:12 | emblazon3d · age_up feudal |
| 12:49 | emblazon3d · first_building Stable |
| 14:47 | Karlak · age_up castle |
| 15:48 | Karlak · first_building Castle |
| 16:11 | Karlak · wall_segment Palisade Wall x1 |
| 16:32 | emblazon3d · age_up castle |
| 17:48 | Karlak · first_building Monastery |
| 19:06 | emblazon3d · first_building Archery Range |
| 19:37 | Karlak · first_building Siege Workshop |
| 23:56 | Karlak · first_market_buy 100 food |
| 25:26 | Karlak · first_building Barracks |
| 26:17 | Karlak · first_market_sell 500 stone |
| 27:57 | Karlak · age_up imperial |
| 28:15 | emblazon3d · first_building Monastery |
| 28:41 | emblazon3d · first_market_sell 100 wood |
| 32:00 | emblazon3d · age_up imperial |
| 32:47 | emblazon3d · resign |
[ AI ANALYSIS · 1 CREDIT ]
What really happened in this match?
Wolo.gg analyzes every decision: build order, eco, micro, common mistakes by bracket. Personalized analysis on WhatsApp or Discord in 30 seconds.
Civ guide
Italians
Perfil
Karlak